 Dungeon Crawl Stone Soup version 0.19.5 (webtiles) character file.

169140 McKennaii the Sorcerer (level 17, -3/85 HPs)
             Began as a Deep Elf Fire Elementalist on May 25, 2017.
             Was the Champion of Vehumet.
             Slain by a merfolk
             ... wielding a +0 trident
              (14 damage)
             ... on level 3 of the Shoals.
             The game lasted 02:09:03 (36581 turns).

McKennaii the Sorcerer (DEFE)                      Turns: 36581, Time: 02:09:03

Health: -3/85      AC: 18    Str: 10    XL:     17   Next: 34%
Magic:  48/68      EV: 17    Int: 26    God:    Vehumet [******]
Gold:   2157       SH:  0    Dex: 32    Spells: 11 memorised, 15 levels left

rFire  + + +     SeeInvis +     B - staff of power
rCold  . . .     Gourm    .     v - +1 ring mail of Ethics {*Contam rF++ Dex+7}
rNeg   . . .     Faith    .     (no shield)
rPois  +         Spirit   .     H - +2 helmet {SInv}
rElec  +         Reflect  .     Y - +0 cloak
rCorr  .         Harm     .     J - +4 pair of gloves "Uteshit" {*Drain +Blink Int-2 Dex+10}
MR     +....                    m - +0 pair of boots
Stlth  ++........               h - amulet of magic regeneration
                                S - ring of Harmony {rPois rF+ Str+5 Stlth-}
                                i - ring "Ciram" {rElec rF+ MP+9}

@: no status effects
A: no striking features
a: Renounce Religion, Evoke Blink


You were on level 3 of the Shoals.
You worshipped Vehumet.
Vehumet was exalted by your worship.
You were not hungry.

You visited 5 branches of the dungeon, and saw 29 of its levels.
You also visited: Labyrinth and Sewer.

You collected 2711 gold pieces.
You spent 554 gold pieces at shops.

Inventory:

Hand Weapons
 r - the +4 quarterstaff of the Demagogue {freeze, Str+3}
   (You found it on level 3 of the Lair of Beasts)

   It has been specially enchanted to freeze those struck by it, causing extra
   injury to most foes and up to half again as much damage against particularly
   susceptible opponents.
   It can also slow down cold-blooded creatures.
   It affects your strength (+3).
Armour
 m - a +0 pair of boots (worn)
 v - the +1 ring mail of Ethics (worn) {*Contam rF++ Dex+7}
   (You bought it in a shop on level 2 of the Orcish Mines)

   It affects your dexterity (+7).
   It greatly protects you from fire.
   It causes magical contamination when unequipped.
 H - a +2 helmet of see invisible (worn)
 J - the +4 pair of gloves "Uteshit" (worn) {*Drain +Blink Int-2 Dex+10}
   (You found it on level 9 of the Dungeon)

   It affects your intelligence (-2).
   It affects your dexterity (+10).
   It lets you blink.
   It causes draining when unequipped.
 Y - a +0 cloak (worn)
Magical Staves
 B - an uncursed staff of power (weapon)
Jewellery
 h - an amulet of magic regeneration (around neck)
 i - the ring "Ciram" (left hand) {rElec rF+ MP+9}
   (You acquired it on level 3 of the Shoals)

   [ring of magical power]

   It protects you from fire.
   It insulates you from electricity.
   It affects your magic capacity (+9).
 y - an uncursed ring of wizardry
 N - an uncursed ring of protection from cold
 S - the ring of Harmony (right hand) {rPois rF+ Str+5 Stlth-}
   (You found it on level 6 of the Lair of Beasts)

   [ring of loudness]

   It affects your strength (+5).
   It protects you from fire.
   It protects you from poison.
   It makes you less stealthy.
 U - an uncursed ring of flight
Wands
 K - a wand of teleportation (4/9)
 P - a wand of hasting (7/9)
 Q - a wand of hasting (2/9)
 W - a wand of hasting (3/9)
Scrolls
 d - 3 scrolls of recharging
 e - 13 scrolls of remove curse
 f - 7 scrolls of enchant armour
 k - 2 scrolls of blinking
 l - 6 scrolls of fear
 p - 9 scrolls of teleportation
 s - 4 scrolls of identify
 z - 4 scrolls of amnesia
 E - a scroll of acquirement
 F - 5 scrolls of enchant weapon
 I - 5 scrolls of fog
 M - a scroll of silence
 T - a scroll of magic mapping
 X - a scroll of holy word
Potions
 a - 4 potions of flight
 b - 3 potions of resistance
 g - 2 potions of brilliance
 j - a potion of cancellation
 n - a potion of berserk rage
 o - 6 potions of haste
 q - 2 potions of might
 u - 5 potions of magic
 A - 2 potions of agility
 C - 2 potions of ambrosia
 D - 8 potions of curing
 Z - a potion of cure mutation
Books
 t - Roxanne's Grimoire of Earth
   (You took it off Roxanne on level 15 of the Dungeon)

   Spells                             Type                      Level
   a - Sandblast                      Earth                        1
   b - Passwall                       Transmutation/Earth          2
   c - Bolt of Magma                  Conjuration/Fire/Earth       5
   d - Lee's Rapid Deconstruction     Earth                        5
   e - Statue Form                    Transmutation/Earth          6
 G - a book of Necromancy

   Spells                             Type                      Level
   a - Pain                           Necromancy                   1
   b - Animate Skeleton               Necromancy                   1
   c - Vampiric Draining              Necromancy                   3
   d - Regeneration                   Charms/Necromancy            3
   e - Animate Dead                   Necromancy                   4
   f - Control Undead                 Necromancy                   4
 R - a Necronomicon

   Spells                             Type                      Level
   a - Haunt                          Necromancy/Summoning         7
   b - Borgnjor's Revivification      Necromancy                   8
   c - Death's Door                   Charms/Necromancy            8
   d - Infestation                    Necromancy                   8
   e - Necromutation                  Transmutation/Necromancy     8
 V - a book of Cantrips

   Spells                             Type                      Level
   a - Confusing Touch                Hexes                        1
   b - Animate Skeleton               Necromancy                   1
   c - Summon Small Mammal            Summoning                    1
   d - Apportation                    Translocation                1
Comestibles
 c - 6 bread rations
 w - 4 beef jerkies
 x - 9 meat rations
 L - 19 fruits
 O - 8 royal jellies


   Skills:
 + Level 2.3 Fighting
 + Level 3.3 Staves
 + Level 5.0 Armour
 + Level 6.6 Dodging
 + Level 5.2 Stealth
 + Level 21.9 Spellcasting
 + Level 18.0 Conjurations
 + Level 2.3 Hexes
 + Level 0.9 Summonings
 + Level 17.5 Fire Magic
 + Level 1.0 Evocations


You had 15 spell levels left.
You knew the following spells:

 Your Spells              Type           Power        Failure   Level  Hunger
a - Flame Tongue          Conj/Fire      #####        0%          1    None
b - Throw Flame           Conj/Fire      ######       0%          2    None
c - Conjure Flame         Conj/Fire      #######.     0%          3    None
d - Orb of Destruction    Conj           #######...   1%          7    ####...
e - Dazzling Spray        Conj/Hex       ######       1%          3    None
f - Fireball              Conj/Fire      #######...   1%          5    None
g - Mephitic Cloud        Conj/Pois/Air  ######..     1%          3    None
h - Summon Guardian Gole  Hex/Summ       #####...     6%          3    None
i - Delayed Fireball      Conj/Fire      N/A          1%          7    ####...
j - Fire Storm            Conj/Fire      #######...   65%         9    #######
s - Bolt of Fire          Conj/Fire      #######...   1%          6    None


Dungeon Overview and Level Annotations

Branches:
Dungeon (15/15)            Temple (0/1) D:6            Lair (6/6) D:11
 Shoals (4/4) Lair:2       Spider (0/4) Lair:3        Slime (2/5) Lair:6
    Orc (2/2) D:11            Elf (0/3) Orc:2        Vaults (0/5) D:14
 Depths (0/5) D:15

Altars:
Ashenzari
Dithmenos
Fedhas
Hepliaklqana
Nemelex Xobeh
Ru
Trog
Uskayaw
Vehumet
Xom
Yredelemnul
Zin
Beogh
Lugonu

Shops:
D:15 :   Orc:1 =   Orc:2 }[??   Shoals:2 *   Shoals:3 (

Portals:
Pandemonium: Orc:2


Message History

There is a stone staircase leading down here.
Things that are here:
a stone; 3 sling bullets
Casting: Bolt of Fire
Confirm with . or Enter, or press ? or * to list all spells.
Aiming: Bolt of Fire
Press: ? - help, Shift-Dir - straight line, f - merfolk
Aim: a merfolk, wielding a trident and wearing fire dragon scales (heavily wounded)
The bolt of fire hits the merfolk.
The merfolk resists.
The merfolk is severely wounded.
The merfolk barely misses you.
Casting: Bolt of Fire
Confirm with . or Enter, or press ? or * to list all spells.
Aiming: Bolt of Fire
Press: ? - help, Shift-Dir - straight line, f/p - merfolk
Aim: a merfolk, wielding a trident and wearing fire dragon scales (severely wounded)
The bolt of fire hits the merfolk.
The merfolk resists.
The merfolk is almost dead.
The merfolk hits you with a trident!
You die...

≈≈≈.≈≈≈≈≈.....≈≈≈≈≈≈≈≈≈≈≈≈≈≈≈
≈≈≈≈≈≈≈(..##...≈.....≈≈≈≈≈≈≈≈
≈≈≈≈≈≈≈≈...#..≈≈.......≈≈≈≈≈≈
≈≈≈≈≈≈≈≈≈..≈.......8.8.8≈≈≈≈≈
≈≈≈≈≈≈≈≈≈...........⌠.⌠.≈≈≈≈≈
≈≈≈≈≈≈≈≈≈≈.........8.∩.8≈≈≈≈≈
≈≈≈≈≈≈≈≈≈≈..........⌠.⌠.≈≈≈≈≈
≈≈≈≈≈≈≈≈≈≈≈≈≈≈.(...8.8.8≈≈≈≈≈
≈≈≈.≈≈≈≈≈≈≈≈≈.(.@.......≈≈≈≈≈
≈..≈≈≈≈≈≈≈≈≈≈.(((m......≈≈≈≈≈
P.≈≈≈≈≈≈≈.≈≈≈..[........≈≈≈≈≈
PP≈≈≈≈≈≈≈≈≈≈≈≈..........≈≈≈≈≈
≈P≈≈≈≈...≈≈≈≈≈..........≈≈≈≈≈
≈≈≈≈≈...÷≈≈≈≈...........≈≈≈≈≈
≈≈≈≈≈≈≈≈≈)≈...........[.≈≈≈≈
.P≈≈≈≈≈≈)≈≈)..##.......≈≈≈≈≈
..≈≈≈≈≈≈≈≈≈.((.#..≈≈≈≈≈≈≈≈≈≈


You could see a merfolk.

Vanquished Creatures
  2 acid blobs (Slime:1)
  A kraken (Shoals:3)
  Agnes (D:13)
  Roxanne (D:15)
  A frost giant (D:15)
  2 orc warlords
  Louise (D:13)
  Nessos (D:12)
  A minotaur (Lab)
  2 merfolk javelineers (Shoals:4)
  4 vault guards
  9 merfolk impalers
  4 hydras
  2 catoblepae (Lair:3)
  5 merfolk avatars
  A merfolk aquamancer (Shoals:2)
  A death knight (D:13)
  Erica (Lair:2)
  2 centaur warriors
  An ogre mage (Orc:1)
  5 orc high priests (Orc:2)
  4 skeletal warriors
  10 sea snakes
  2 torturous demonspawn (Orc:2)
  5 unseen horrors
  3 deep elf magi
  7 orc knights
  A lindwurm (Lair:6)
  A phantasmal warrior (D:15)
  A wolf spider zombie (D:13)
  5 hill giants
  A necromancer (D:15)
  13 harpies
  An oklob plant (Lair:6)
  26 fauns
  16 ugly things
  10 orc sorcerers
  A shining eye (Slime:1)
  7 cyclopes
  9 manticores
  9 elephants (Lair:6)
  5 water nymphs
  7 black mambas
  2 gargoyles (D:10)
  12 sirens
  A naga mage (D:15)
  A smoke demon (Orc:2)
  11 spiny frogs
  The ghost of turnburgler the Sneak, a novice OpAs of Xom (D:6)
  2 efreet (D:15)
  9 rime drakes
  4 yaktaurs
  3 kobold demonologists (D:10)
  2 ice devils (Orc:2)
  A red devil (Orc:2)
  9 komodo dragons
  A harpy zombie (D:15)
  25 merfolk
  4 polar bears (Lair:6)
  A hellwing (Orc:2)
  5 meliai
  4 trolls
  3 two-headed ogres
  A queen bee (shapeshifter) (D:14)
  9 blink frogs (Lair:5)
  4 wind drakes
  5 hornets (Lair:6)
  8 slime creatures
  A harpy skeleton (D:15)
  13 hippogriffs
  6 snapping turtles
  8 dream sheep
  Grinder (D:4)
  A shadow (D:13)
  2 centaur simulacra (D:15)
  14 spriggans (Lair:6)
  6 water elementals
  8 wyverns
  8 basilisks
  41 yaks
  A chaos spawn (Orc:2)
  3 vampire mosquitoes
  3 hungry ghosts
  2 mottled dragons
  3 wargs
  11 porcupines
  12 water moccasins
  4 ice beasts
  42 orc warriors
  Purgy (Sewer)
  5 black bears
  2 boggarts (Lair:6)
  8 phantoms
  5 sky beasts
  15 centaurs
  A necrophage (D:10)
  20 wolves
  An eye of draining (Slime:1)
  12 ogres
  12 crocodiles
  3 big kobolds
  17 bullfrogs
  6 scorpions
  16 wights
  An electric eel (Lair:2)
  5 crimson imps
  A bullfrog zombie (D:12)
  3 howler monkeys
  7 centaur zombies
  A bullfrog skeleton (D:8)
  8 jellies
  23 orc priests
  14 two-headed ogre zombies (Orc:1)
  6 hounds
  22 orc wizards
  6 centaur skeletons
  Ijyb (D:2)
  3 iguanas
  9 worker ants
  A hell rat (shapeshifter) (D:15)
  Robin (D:2)
  2 worker ant zombies
  6 gnolls
  A howler monkey skeleton (D:5)
  10 adders
  3 shadow imps
  7 oozes
  3 adder skeletons
  4 worms
  4 dart slugs
  6 leopard geckos
  73 orcs
  4 ball pythons
  A bat zombie (D:1)
  6 giant cockroaches
  21 goblins
  8 hobgoblins
  6 jackals
  4 quokkas
  9 bats
  10 frilled lizards
  A giant cockroach zombie (D:1)
  A jackal skeleton (D:8)
  19 kobolds
  A leopard gecko skeleton (D:5)
  12 rats
  A spectral orc (D:4)
  A bush (Lair:4)
  A demonic plant (D:10)
  2 fungi
  23 plants
  A tentacle (Shoals:3)
997 creatures vanquished.

Vanquished Creatures (collateral kills)
  A meliai (D:15)
1 creature vanquished.

Vanquished Creatures (others)
  A porcupine (Lair:4)
  2 bushes (Lair:6)
  11 fungi
  40 plants
  6 tentacles (Shoals:3)
60 creatures vanquished.

Grand Total: 1058 creatures vanquished

Notes
Turn   | Place    | Note
-------+----------+-------------------------------------------
     0 | D:1      | McKennaii the Deep Elf Fire Elementalist began the quest for the Orb.
     0 | D:1      | Reached XP level 1. HP: 10/10 MP: 6/6
   206 | D:1      | Reached XP level 2. HP: 15/15 MP: 2/8
  1102 | D:2      | Reached XP level 3. HP: 16/19 MP: 3/9
  1176 | D:2      | Noticed Ijyb
  1183 | D:2      | Killed Ijyb
  1191 | D:2      | Learned a level 2 spell: Throw Flame
  1195 | D:2      | Learned a level 3 spell: Conjure Flame
  1500 | D:2      | Reached XP level 4. HP: 24/24 MP: 7/11
  1824 | D:2      | Reached skill level 4 in Spellcasting
  2128 | D:2      | Noticed Robin
  2139 | D:2      | Killed Robin
  2139 | D:2      | Reached XP level 5. HP: 27/28 MP: 0/13
  2883 | D:3      | Reached skill level 5 in Fire Magic
  2908 | D:3      | Found a glowing drain.
  2913 | Sewer    | Entered a sewer
  2956 | Sewer    | Noticed Purgy
  2964 | Sewer    | Learned a level 5 spell: Fireball
  3076 | Sewer    | Killed Purgy
  3076 | Sewer    | Reached skill level 5 in Spellcasting
  3076 | Sewer    | Reached XP level 6. HP: 32/32 MP: 8/15
  3822 | D:4      | Found a basalt altar of Yredelemnul.
  4007 | D:4      | Found a blossoming altar of Fedhas.
  4007 | D:4      | Found a sacrificial altar of Ru.
  4118 | D:4      | Got an ichor-stained quarterstaff
  4119 | D:4      | Identified the +3 quarterstaff "Udanwoeti" {pain, *Drain rElec MR+++ Str-4} (You found it on level 4 of the Dungeon)
  4144 | D:4      | Found a radiant altar of Vehumet.
  4284 | D:4      | Became a worshipper of Vehumet
  4348 | D:4      | Noticed Grinder
  4360 | D:4      | Reached XP level 7. HP: 36/36 MP: 4/17
  4371 | D:4      | Killed Grinder
  4371 | D:4      | Reached skill level 6 in Spellcasting
  4371 | D:4      | Reached skill level 5 in Conjurations
  4439 | D:4      | Found a hide-covered altar of Uskayaw.
  4649 | D:5      | Entered Level 5 of the Dungeon
  4757 | D:5      | Reached XP level 8. HP: 41/41 MP: 13/20
  4796 | D:5      | Found a sparkling altar of Nemelex Xobeh.
  4814 | D:5      | Reached skill level 7 in Spellcasting
  4849 | D:5      | Reached skill level 1 in Staves
  5167 | D:5      | Reached * piety under Vehumet
  5167 | D:5      | Offered knowledge of Freeze by Vehumet.
  5572 | D:6      | Noticed turnburgler's ghost (novice OpAs)
  5592 | D:6      | Killed turnburgler's ghost
  5592 | D:6      | Reached skill level 1 in Fighting
  5592 | D:6      | Reached skill level 8 in Spellcasting
  5669 | D:6      | Found a staircase to the Ecumenical Temple.
  5847 | D:6      | Reached XP level 9. HP: 47/47 MP: 11/23
  6083 | D:6      | Reached skill level 9 in Spellcasting
  6806 | D:7      | Reached ** piety under Vehumet
  6806 | D:7      | Offered knowledge of Sandblast by Vehumet.
  7040 | D:7      | Reached skill level 10 in Spellcasting
  7503 | D:7      | Found a shimmering altar of Xom.
  7622 | D:7      | Found a glowing silver altar of Zin.
  7812 | D:8      | Offered knowledge of Static Discharge by Vehumet.
  7812 | D:8      | Reached XP level 10. HP: 27/52 MP: 3/26
  7913 | D:8      | Found a shimmering altar of Xom.
  8054 | D:8      | Found a hazy altar of Hepliaklqana.
  8096 | D:8      | Found a bloodstained altar of Trog.
  8620 | D:9      | Reached *** piety under Vehumet
  8748 | D:9      | Reached skill level 11 in Spellcasting
  8851 | D:9      | Found a shadowy altar of Dithmenos.
  8852 | D:9      | Found a hazy altar of Hepliaklqana.
  8976 | D:9      | Found a shattered altar of Ashenzari.
  9046 | D:9      | Reached skill level 10 in Conjurations
  9273 | D:9      | Got a pair of transparent gloves
  9284 | D:9      | Identified the +4 pair of gloves "Uteshit" {*Drain +Blink Int-2 Dex+10} (You found it on level 9 of the Dungeon)
  9295 | D:9      | Offered knowledge of Dazzling Spray by Vehumet.
  9301 | D:9      | Learned a level 3 spell: Dazzling Spray
  9370 | D:9      | You fall through a shaft for 3 floors!
  9420 | D:12     | Noticed a cyan ugly thing
  9430 | D:12     | Killed a cyan ugly thing
  9492 | D:11     | Reached skill level 10 in Fire Magic
  9533 | D:11     | Found a staircase to the Lair.
  9587 | D:11     | Reached skill level 12 in Spellcasting
  9665 | D:11     | Noticed a hill giant
  9672 | D:11     | Killed a hill giant
  9672 | D:11     | Reached XP level 11. HP: 56/56 MP: 10/29
  9676 | D:11     | Noticed a hill giant
  9685 | D:11     | Killed a hill giant
  9785 | D:10     | Entered Level 10 of the Dungeon
  9849 | D:10     | Found a corrupted altar of Lugonu.
 10082 | D:9      | Reached **** piety under Vehumet
 10247 | D:10     | Noticed an unseen horror
 10250 | D:10     | Killed an unseen horror
 10250 | D:10     | Offered knowledge of Mephitic Cloud by Vehumet.
 10250 | D:10     | Reached skill level 13 in Spellcasting
 10634 | D:10     | Noticed a green ugly thing
 10839 | D:10     | Killed a green ugly thing
 10860 | D:10     | Identified a scroll of acquirement
 11025 | D:11     | Noticed a brown ugly thing
 11029 | D:11     | Killed a brown ugly thing
 11067 | D:11     | Noticed an unseen horror
 11068 | D:11     | Killed an unseen horror
 11352 | D:11     | Found a staircase to the Orcish Mines.
 11580 | D:11     | Learned a level 3 spell: Mephitic Cloud
 11778 | D:12     | Noticed Nessos
 11983 | Orc:1    | Entered Level 1 of the Orcish Mines
 11985 | Orc:1    | Found a roughly hewn altar of Beogh.
 12054 | Orc:1    | Found Edwud's Jewellery Emporium.
 12837 | Orc:2    | Entered Level 2 of the Orcish Mines
 13128 | Orc:2    | Reached skill level 14 in Spellcasting
 13130 | Orc:2    | Noticed an orc warlord
 13439 | Orc:2    | Noticed an orc sorcerer
 13444 | Orc:1    | Killed an orc sorcerer
 13444 | Orc:1    | Reached XP level 12. HP: 33/61 MP: 20/32
 13710 | Orc:2    | Found Wyug's Magic Scroll Shop.
 13866 | Orc:1    | Reached ***** piety under Vehumet
 13866 | Orc:1    | Offered knowledge of Orb of Destruction by Vehumet.
 13951 | Orc:1    | Noticed an ogre mage
 13953 | Orc:1    | Killed an ogre mage
 14059 | Orc:2    | Found Oshuceb's Magic Scroll Boutique.
 14063 | Orc:2    | Reached skill level 5 in Dodging
 14301 | Orc:1    | Killed an orc warlord
 14430 | Orc:2    | Reached skill level 15 in Spellcasting
 14534 | Orc:2    | Reached skill level 1 in Hexes
 14701 | Orc:2    | Bought a scroll of blinking for 135 gold pieces
 14701 | Orc:2    | Bought a scroll of teleportation for 54 gold pieces
 14733 | Orc:2    | Bought a scroll of identify for 32 gold pieces
 15251 | Orc:2    | Found a staircase to the Elven Halls.
 15358 | Orc:2    | Noticed an orc warlord
 15443 | Orc:2    | Learned a level 7 spell: Orb of Destruction
 15621 | Orc:2    | Killed an orc warlord
 15888 | Orc:2    | Noticed an orc high priest
 15889 | Orc:2    | Noticed an orc high priest
 15891 | Orc:2    | Killed an orc high priest
 15891 | Orc:2    | Reached XP level 13. HP: 52/65 MP: 22/34
 16358 | Orc:2    | Reached skill level 16 in Spellcasting
 16851 | Orc:2    | Offered knowledge of Airstrike by Vehumet.
 16880 | Orc:2    | Found Ishryagu's Antique Armour Emporium.
 16880 | Orc:2    | Found a one-way gate leading to the halls of Pandemonium.
 16880 | Orc:2    | Found Jukoosk's Gadget Shoppe.
 16903 | Orc:2    | Bought a dazzling ring mail for 333 gold pieces
 16914 | Orc:2    | Identified the +1 ring mail of Ethics {*Contam rF++ Dex+7} (You bought it in a shop on level 2 of the Orcish Mines)
 17225 | D:11     | Learned a level 3 spell: Summon Guardian Golem
 17297 | D:12     | Killed Nessos
 18142 | D:13     | Found a labyrinth entrance.
 18151 | Lab      | Entered a labyrinth
 18570 | Lab      | Noticed a minotaur
 18574 | Lab      | Killed a minotaur
 18609 | Lab      | Got a dazzling hunting sling
 18609 | Lab      | Got jewelled shadow dragon scales
 18628 | D:13     | Identified the +6 hunting sling "Paorenokk" {velocity, Fragile rPois MR+++ Str-4} (You found it in a labyrinth)
 18629 | D:13     | Identified a +7 rod of inaccuracy (14/14) (You found it in a labyrinth)
 18634 | D:13     | Identified the +12 shadow dragon scales of the Swamp {rN+ MR+ rCorr Int-3 Stlth++++} (You found it in a labyrinth)
 19248 | D:14     | Noticed Louise
 19251 | D:14     | Noticed Agnes
 19841 | D:13     | Killed Agnes
 19841 | D:13     | Reached skill level 1 in Armour
 19841 | D:13     | Reached skill level 17 in Spellcasting
 21326 | D:13     | Killed Louise
 21545 | D:13     | Reached XP level 14. HP: 69/71 MP: 22/37
 22555 | D:14     | Found a gate to the Vaults.
 22654 | D:14     | Offered knowledge of Delayed Fireball by Vehumet.
 22683 | D:14     | Learned a level 7 spell: Delayed Fireball
 22880 | D:14     | Found a sparkling altar of Nemelex Xobeh.
 22991 | D:15     | Entered Level 15 of the Dungeon
 23431 | D:15     | Noticed a frost giant
 23494 | D:15     | Got a smoking scale mail
 23499 | D:15     | Got a shimmering shortbow
 23540 | D:15     | Killed a frost giant
 23540 | D:15     | Reached skill level 18 in Spellcasting
 23540 | D:15     | Reached skill level 15 in Conjurations
 24439 | D:15     | Found a staircase to the Depths.
 24968 | D:15     | Found Jesm's Book Emporium.
 24978 | D:15     | Identified the +9 shortbow of the Swamp {velocity, rC+ rN+} (You found it on level 15 of the Dungeon)
 24990 | D:15     | Noticed Roxanne
 25091 | D:15     | Killed Roxanne
 25099 | D:15     | Identified Roxanne's Grimoire of Earth (You took it off Roxanne on level 15 of the Dungeon)
 25435 | D:14     | Reached XP level 15. HP: 43/76 MP: 18/39
 25723 | D:11     | Identified the +0 scale mail "Foshrong" {Int+7} (You found it on level 15 of the Dungeon)
 25728 | D:11     | Got a faintly glowing pewter amulet
 25731 | D:11     | Identified the amulet of Uhatsile {+Rage rF+ Dex+5} (You acquired it on level 11 of the Dungeon)
 25813 | Lair:1   | Entered Level 1 of the Lair of Beasts
 25976 | Lair:1   | Reached skill level 15 in Fire Magic
 26568 | Lair:2   | Reached skill level 19 in Spellcasting
 26698 | Lair:2   | Noticed Erica
 26701 | Lair:2   | Killed Erica
 27059 | Lair:2   | Found a staircase to the Shoals.
 27200 | Lair:3   | Got a transparent quarterstaff
 27201 | Lair:3   | Identified the +4 quarterstaff of the Demagogue {freeze, Str+3} (You found it on level 3 of the Lair of Beasts)
 27234 | Lair:3   | Offered knowledge of Yara's Violent Unravelling by Vehumet.
 27341 | Lair:3   | Reached skill level 5 in Stealth
 27903 | Lair:3   | Found a hole to the Spider Nest.
 28636 | Lair:4   | Offered knowledge of Bolt of Fire by Vehumet.
 28903 | Lair:4   | Learned a level 6 spell: Bolt of Fire
 29760 | Lair:6   | Entered Level 6 of the Lair of Beasts
 30830 | Lair:6   | Reached skill level 20 in Spellcasting
 30872 | Lair:6   | Reached ****** piety under Vehumet
 30872 | Lair:6   | Offered knowledge of Bolt of Cold by Vehumet.
 31149 | Lair:6   | Got a twitching granite ring
 31253 | Lair:6   | Reached XP level 16. HP: 80/80 MP: 23/42
 31391 | Lair:6   | Found a staircase to the Slime Pits.
 31779 | Slime:1  | Entered Level 1 of the Pits of Slime
 31779 | Slime:1  | Noticed an acid blob
 31782 | Slime:1  | Killed an acid blob
 31783 | Slime:1  | Noticed an acid blob
 31787 | Slime:1  | Killed an acid blob
 32033 | Shoals:1 | Entered Level 1 of the Shoals
 32647 | Shoals:1 | Identified the ring of Harmony {rPois rF+ Str+5 Stlth-} (You found it on level 6 of the Lair of Beasts)
 33211 | Shoals:2 | Offered knowledge of Ozocubu's Refrigeration by Vehumet.
 33610 | Shoals:2 | Reached skill level 21 in Spellcasting
 33753 | Shoals:2 | Found Inumao Vixke's Assorted Antiques.
 33887 | Shoals:2 | Reached skill level 1 in Evocations
 34206 | Shoals:3 | Noticed a kraken
 34217 | Shoals:3 | Killed a kraken
 34345 | Shoals:3 | Found Gusm's Weapon Emporium.
 34775 | Shoals:3 | Reached XP level 17. HP: 85/85 MP: 44/44
 34887 | Shoals:4 | Entered Level 4 of the Shoals
 34899 | Shoals:4 | Reached skill level 5 in Armour
 35352 | Shoals:3 | Got an ancient iron ring
 35354 | Shoals:3 | Identified the ring "Ciram" {rElec rF+ MP+9} (You acquired it on level 3 of the Shoals)
 35527 | Shoals:3 | Offered knowledge of Fire Storm by Vehumet.
 35527 | Shoals:3 | Offered knowledge of Shatter by Vehumet.
 35527 | Shoals:3 | Offered knowledge of Tornado by Vehumet.
 35590 | Shoals:3 | Learned a level 9 spell: Fire Storm
 36581 | Shoals:3 | Slain by a merfolk

Skill      XL: |  1  2  3  4  5  6  7  8  9 10 11 12 13 14 15 16 17 |
---------------+----------------------------------------------------+-----
Fire Magic     | 4 5 6 7 8 10 11 12 13 14 16 17 | 17.5
Conjurations   | 2 3 4 5 7 8 10 12 13 14 15 16 17 18 | 18.0
Spellcasting   | 4 5 6 8 10 12 14 15 17 18 20 21 | 21.9
Stealth        | 3 4 5 |  5.2
Dodging        | 3 4 5 6 |  6.6
Staves         | 2 3 |  3.3
Fighting       | 1 2 |  2.3
Hexes          | 1 2 |  2.3
Armour         | 2 3 4 5 |  5.0
Evocations     | 1 |  1.0
Summonings     | |  0.9

Action                   |  1- 3 |  4- 6 |  7- 9 | 10-12 | 13-15 | 16-18 || total
-------------------------+-------+-------+-------+-------+-------+-------++-------
Melee: Unarmed           |     2 |     2 |       |       |       |       ||     4
       Quarterstaff      |       |       |    33 |       |       |       ||    33
       Staff             |       |       |    53 |    14 |    11 |       ||    78
 Cast: Flame Tongue      |    64 |   165 |   183 |   286 |   118 |    22 ||   838
       Throw Flame       |       |    43 |   115 |   199 |    11 |       ||   368
       Fireball          |       |     1 |     1 |   165 |   487 |     5 ||   659
       Conjure Flame     |       |     1 |     3 |     8 |     7 |       ||    19
       Dazzling Spray    |       |       |       |    17 |     8 |       ||    25
       Orb of Destructio |       |       |       |     5 |    44 |    10 ||    59
       Summon Guardian G |       |       |       |       |     4 |     1 ||     5
       Delayed Fireball  |       |       |       |       |     3 |     4 ||     7
       Bolt of Fire      |       |       |       |       |    97 |   320 ||   417
 Abil: Evoke Blink       |       |       |       |       |     3 |     3 ||     6
       Release Delayed F |       |       |       |       |     2 |     5 ||     7
  Use: Scroll            |     3 |     9 |       |    12 |    14 |     9 ||    47
       Potion            |     3 |     4 |       |     5 |     1 |     4 ||    17
  Eat: Chunk             |     1 |    10 |    10 |    34 |    50 |    15 ||   120
       Fruit             |       |       |       |     2 |     6 |     6 ||    14
       Pizza             |       |       |       |     1 |     4 |     1 ||     6
       Beef jerky        |       |       |       |     1 |     1 |       ||     2
       Royal jelly       |       |       |       |       |     2 |       ||     2
Armor: Robe              |     9 |    11 |    45 |    49 |     2 |       ||   116
       Ring mail         |       |       |       |       |    91 |    52 ||   143
Dodge: Dodged            |    20 |    17 |   116 |   109 |   147 |   111 ||   520
